 Dungeon Crawl Stone Soup version 0.31.0-9-g3a7656b989 (webtiles) character file.

Game seed: 5000031326073588270

36 Kallu the Apothecary (level 3, 0/24 HPs)
             Began as a Vampire Alchemist on Jan 29, 2024.
             Slain by a phantom (6 damage)
             ... on level 2 of the Dungeon.
             The game lasted 00:02:14 (978 turns).

Kallu the Apothecary (Vampire Alchemist)             Turns: 978, Time: 00:02:14

Health: 0/24       AC:  2    Str:  7    XL:     3   Next: 19%
Magic:  7/7        EV: 12    Int: 19    God:
Gold:   58         SH:  0    Dex: 14    Spells: 2/8 levels left

rFire   . . .        h - +1 sling (freeze)
rCold   . . .        (no shield)
rNeg    . . .        a - +0 robe
rPois   .            (no helmet)
rElec   .            (no cloak)
rCorr   .            (no gloves)
SInv    +            (no boots)
Will    .....        (no amulet)
Stlth   ++           (no ring)
HPRegen 0.44/turn    (no ring)
MPRegen 0.10/turn

%: no passive effects
@: healing quickly
A: alive, fangs 3, see invisible, vampiric 2
a: Exsanguinate


You were on level 2 of the Dungeon.
You visited 1 branch of the dungeon, and saw 2 of its levels.

You collected 58 gold pieces.

Inventory:

Hand Weapons
 h - a +1 sling of freezing (weapon)
 j - a +0 long sword
Armour
 a - a +0 robe (worn)
Scrolls
 e - a scroll of torment {unknown}
 f - a scroll of enchant weapon {unknown}
 g - a scroll of immolation {unknown}
 k - a scroll of fear {unknown}
 l - a scroll of identify
Potions
 b - a potion of magic
 c - a potion of haste {unknown}
 d - 3 potions of curing
 i - a potion of ambrosia {unknown}
 m - a potion of cancellation {unknown}


   Skills:
 - Level 2.1 Dodging
 - Level 3.0 Stealth
 - Level 3.0 Spellcasting
 - Level 1.0 Conjurations
 + Level 3.7 Alchemy


You had 2 spell levels left.
You knew the following spells:

 Your Spells              Type           Power      Damage    Failure   Level
a - Sting                 Conj/Alch      44%        1d5       6%          1
b - Mercury Vapours       Alch/Air       20%        N/A       11%         2
c - Mephitic Cloud        Conj/Alch/Air  8%         N/A       24%         3

Your spell library contained the following spells:

 Spells                   Type           Power      Damage    Failure   Level
 Olgreb's Toxic Radiance  Alch           17%        N/A       32%         4
 Sticky Flame             Fire/Alch      10%        2d5       56%         4


Dungeon Overview and Level Annotations

Branches:
Dungeon (2/15)

Altars:


Innate Abilities, Weirdness & Mutations

Your natural rate of healing is accelerated.
You have razor-sharp teeth.
You have supernaturally acute eyesight. (SInv)
You are afflicted with vampirism and can become a bat while bloodless.


Message History

Unknown command.
You aren't carrying any items that you can evoke.
Unknown command.
Fire: h) +1 sling (freeze)
Press: ? - help, Q - select action, (/) - cycle Shift-Dir - straight line, f/p - ribbon worm
Aim: a ribbon worm (poisoned, 76% to hit)
You shoot a sling bullet. The sling bullet hits the ribbon worm.
The sling bullet freezes the ribbon worm.
The ribbon worm is moderately wounded.
The phantom barely misses you.
Unknown command.
You shoot a sling bullet.
The sling bullet closely misses the phantom.
The phantom misses you.
The ribbon worm expels a string of sticky webbing.
The stream of webbing hits you but does no damage.
You are caught in a web!
The phantom hits you.
Unknown command.
You struggle to detach yourself from the web.
The phantom hits you.
The web tears apart.
The phantom hits you.
The phantom blinks!
You blink.
Fire: h) +1 sling (freeze)
Press: ? - help, Q - select action, (/) - cycle Shift-Dir - straight line, f/p - phantom
Aim: a phantom (43% to hit)
You shoot a sling bullet.
The sling bullet hits the phantom but does no damage.
The phantom hits you.
* * * LOW HITPOINT WARNING * * *
Okay, then.
Okay, then.
Casting: Sting (safe; 6% risk of failure)
Confirm with . or Enter, or press ? or * to list all spells.
Okay, then.
You aren't carrying any items that you can evoke.
Unknown command.
As you read the scroll labelled YSIUGI JEIPPASK, it crumbles to dust.
It is a scroll of identify.
d - 3 potions of curing The ribbon worm looks more healthy.
The phantom hits you.
You die...

#......8.#8#.8..
....##...#.#...#
....#.###.#.###.
... ##.8.###.8.#
##. #.###.#†###.
#.###...#†#
######..#..8.#8#
#............#.#
#.W@........#.#.
#.......##..####
#.......###§#
#.........$.#
#...[.............
#.....w....##.....
#.......##########
#...............
#######.........


You could see a phantom and a ribbon worm.

Vanquished Creatures
  A ribbon worm (D:2)
  4 endoplasms
  A goblin (D:1)
  4 hobgoblins
  3 jackals (D:1)
  2 quokkas
  2 ball pythons
  3 bats
  A frilled lizard (D:2)
  5 kobolds (D:1)
  3 rats (D:2)
29 creatures vanquished.

Notes
Turn   | Place    | Note
-------+----------+-------------------------------------------
     0 | D:1      | Kallu the Vampire Alchemist began the quest for the Orb.
     0 | D:1      | Reached XP level 1. HP: 13/13 MP: 3/3
   354 | D:1      | Reached XP level 2. HP: 19/19 MP: 5/5
   861 | D:2      | Reached skill level 1 in Conjurations
   871 | D:2      | Gained mutation: You are afflicted with vampirism and can
                  | become a bat while bloodless. [Vampire growth]
   871 | D:2      | Reached XP level 3. HP: 24/24 MP: 7/7
   880 | D:2      | Learned a level 2 spell: Mercury Vapours
   889 | D:2      | Learned a level 3 spell: Mephitic Cloud
   962 | D:2      | Found the +5 robe of Misfortune {Harm *Corrode *Slow EV+5}
   963 | D:2      | Noticed a phantom
   978 | D:2      | Slain by a phantom

Illustrated notes

Levels and vault maps discovered:
D:1:      mrwooster_arrival_statue_3, layout_basic, serial_glass,
          glass_columns_b, glass_columns_b, minmay_misc_feat_tower
D:2:      layout_basic, nicolae_twisty_statue_hallways

Skill      XL: |  1  2 |
---------------+-------+-----
Spellcasting   | 3 |  3.0
Conjurations   | 1 |  1.0
Dodging        | |  2.1
Stealth        | |  3.0
Alchemy        | |  3.7

Action                     || total
---------------------------++-------
  Melee: Dagger            ||    23
         Unarmed           ||     4
         Bite              ||     3
   Fire: Sling             ||    57
   Cast: Sting             ||    13
    Use: Scroll            ||     1
   Stab: Sleeping          ||     1
 Armour: Robe              ||    37
  Dodge: Dodged            ||    35
